Map: [ESL] Inside and Out

Players

Scarlett - Winner!

  • Race: Zerg Zerg
  • Spawn Location: 1:00

Creator

  • Race: Protoss Protoss
  • Spawn Location: 7:00

Event: DreamHack SC2 Masters 2022 Valencia

VOD

Have the link to the VOD?

Description

Time

  • Played on: July 2, 2022, 9:49 a.m.
  • Length: 11:43

All games in this series

Show
View Real Time Build Order
Export as new Build Order

Scarlett Zerg - Winner!

Build Orders: Hatch First 

Get SALT Encoding   

  12  0:00  Drone  
  13  0:12  Overlord  
  13  0:17  Drone  
  14  0:30  Drone x2  
  16  0:47  Hatchery  
  15  0:51  Drone  
  15  0:54  Drone  
  17  0:57  Drone  
  18  1:08  Extractor  
  17  1:13  Spawning Pool  
  17  1:15  Drone  
  17  1:20  Drone  
  18  1:28  Drone  
  19  1:39  Drone  
  20  1:50  Drone  
  21  2:00  Queen x2  
  21  2:01  Overlord, Zergling x2  
  26  2:09  Drone  
  26  2:11  Drone  
  26  2:12  Metabolic Boost  
  28  2:20  Drone  
  28  2:22  Drone  
  30  2:32  Drone x2  
  32  2:40  Hatchery  
  32  2:42  Zergling x2  
  32  2:46  Overlord  
  32  2:50  Queen  
  34  2:55  Drone x2  
  36  3:05  Overlord  
  36  3:06  Queen  
  36  3:08  Drone  
  36  3:09  Drone  
  36  3:11  Drone  
  41  3:16  Drone  
  41  3:17  Drone x2  
  44  3:25  Spore Crawler  
  44  3:26  Queen  
  43  3:32  Overlord  
  43  3:33  Drone  
  46  3:37  Drone  
  47  3:41  Zergling x4  
  47  3:42  Zergling x4  
  49  3:50  Drone  
  50  3:59  Drone x5  
  55  4:03  Evolution Chamber, Queen  
  55  4:08  Drone  
  57  4:16  Overlord  
  57  4:21  Drone x4  
  57  4:22  Queen  
  63  4:27  Overlord  
  63  4:28  Roach Warren  
  61  4:34  Zerg Melee Weapons Level 1  
  61  4:36  Drone x3  
  62  4:40  Extractor  
  62  4:42  Drone x4  
  62  4:44  Extractor, Drone  
  65  4:47  Drone x2  
  65  4:50  Overlord  
  67  4:55  Overlord x2  
  67  4:58  Drone x2  
  69  5:04  Zergling x6  
  69  5:05  Zergling x4  
  74  5:10  Roach x3  
  80  5:15  Roach x2  
  80  5:16  Roach  
  80  5:21  Roach x3  
  92  5:26  Overlord  
  91  5:33  Zergling x14  
  98  5:35  Lair  
  96  5:44  Drone x3  
  96  5:45  Overlord x2  
  96  5:46  Drone  
  100  5:52  Zergling x8  
  100  5:56  Zergling x2  
  105  6:03  Zergling x2  
  105  6:04  Zergling x6, Hatchery  
  108  6:07  Zergling x4  
  108  6:17  Drone x5  
  113  6:21  Baneling Nest, Extractor  
  113  6:22  Drone x4  
  113  6:23  Spore Crawler  
  114  6:28  Overlord  
  114  6:29  Drone x3  
  117  6:33  Spore Crawler  
  117  6:34  Zerg Melee Weapons Level 2  
  117  6:35  Glial Reconstitution  
  116  6:41  Drone x4  
  116  6:42  Drone  
  116  6:43  Extractor  
  116  6:44  Extractor  
  119  6:47  Overlord x2  
  119  6:54  Overlord x3  
  119  7:04  Overlord x2  
  119  7:05  Centrifugal Hooks  
  119  7:08  Drone x5  
  124  7:16  Drone x2  
  124  7:17  Drone x4  
  130  7:36  Zergling x4  
  130  7:37  Zergling x14  
  138  7:55  Zergling x20  
  145  8:05  Zergling x2  
  145  8:06  Zergling x14  
  153  8:17  Overlord  
  153  8:21  Baneling x16  
  153  8:22  Baneling x10  
  153  8:23  Zergling x24  
  164  8:29  Baneling x18, Hatchery  
  164  8:33  Zergling x10  
  167  8:39  Zergling x2  
  167  8:40  Zergling x4  
  165  8:57  Zergling x6  
  165  8:58  Zergling x4  
  128  9:18  Zergling x18  
  131  9:24  Roach x13  
  131  9:26  Infestation Pit, Zerg Missile Weapons Level 1  
  146  9:37  Roach x5  
  146  9:38  Roach  
  146  9:41  Zergling x8  
  146  9:44  Baneling x7  
  146  9:45  Baneling x12  
  149  9:47  Ravager x4  
  149  9:48  Baneling x8  
  149  9:49  Zergling x16  
  161  9:53  Roach x3  
  157  10:00  Zergling x2  
  157  10:01  Zergling x2  
  130  10:08  Zergling x8  
  130  10:12  Roach x4  
  126  10:16  Roach x5  
  126  10:20  Roach x5  
  137  10:26  Roach x2  
  127  10:39  Roach x7  
  135  10:46  Roach x8  
  133  10:54  Drone  
  133  10:55  Drone x2  
  134  11:03  Drone x4  
  136  11:06  Queen  
  136  11:08  Zergling x6  
  136  11:09  Zergling x4  
  137  11:14  Zergling x12  
  137  11:18  Zergling x4  
  141  11:21  Zergling x4  
  141  11:23  Zergling x2  
  141  11:25  Ravager  
  141  11:26  Ravager  
Show
View Real Time Build Order
Export as new Build Order

Creator Protoss 

Build Orders: 1 Gate Expand, Oracle Opening 

Get SALT Encoding   

  12  0:00  Probe  
  13  0:12  Probe  
  14  0:19  Pylon  
  14  0:24  Probe  
  15  0:37  Probe (Chrono Boost)  
  15  0:39  Gateway  
  16  0:46  Probe (Chrono Boost)  
  16  0:47  Assimilator  
  17  0:51  Probe (Chrono Boost)  
  18  1:03  Probe  
  19  1:15  Probe  
  20  1:24  Nexus  
  20  1:35  Cybernetics Core  
  20  1:38  Probe  
  21  1:44  Assimilator  
  21  1:51  Probe  
  21  1:53  Pylon  
  22  2:03  Probe  
  23  2:08  Adept (Chrono Boost)  
  23  2:15  Probe  
  26  2:18  Stargate  
  26  2:26  Warp Gate  
  26  2:27  Probe  
  27  2:35  Adept  
  27  2:36  Probe  
  30  2:40  Probe (Chrono Boost)  
  31  2:48  Probe (Chrono Boost)  
  32  2:58  Probe (Chrono Boost)  
  34  2:59  Probe (Chrono Boost)  
  34  3:00  Oracle (Chrono Boost)  
  34  3:03  Probe (Chrono Boost)  
  34  3:04  Probe (Chrono Boost)  
  39  3:11  Pylon  
  39  3:15  Probe  
  39  3:16  Probe  
  41  3:23  Pylon  
  41  3:27  Probe, Oracle (Chrono Boost)  
  41  3:31  Probe  
  46  3:36  Stalker  
  46  3:40  Probe  
  49  3:43  Probe  
  50  3:52  Probe  
  51  3:58  Probe  
  52  4:03  Twilight Council  
  52  4:04  Probe  
  52  4:05  Gateway  
  52  4:07  Gateway  
  53  4:11  Probe  
  53  4:14  Gateway x2  
  53  4:16  Probe  
  55  4:18  Adept  
  57  4:26  Probe  
  57  4:28  Probe  
  59  4:34  Resonating Glaives (Chrono Boost)  
  59  4:40  Pylon  
  59  4:47  Nexus, Adept  
  59  4:48  Pylon  
  59  4:49  Probe  
  59  4:51  Assimilator  
  62  4:53  Pylon  
  62  4:58  Probe  
  63  5:06  Pylon, Adept x2  
  67  5:09  Adept  
  67  5:10  Adept x2  
  67  5:11  Probe  
  74  5:25  Probe x2  
  74  5:26  Adept x2  
  80  5:29  Assimilator  
  80  5:35  Adept x3  
  86  5:37  Probe x2  
  88  5:48  Robotics Facility  
  88  5:49  Probe x2, Shield Battery  
  90  5:51  Adept x2  
  94  6:01  Probe x3  
  93  6:13  Probe x3 (Chrono Boost)  
  93  6:15  Pylon  
  94  6:20  Blink, Gateway  
  94  6:21  Gateway  
  94  6:25  Probe (Chrono Boost)  
  97  6:26  Probe x2 (Chrono Boost)  
  97  6:28  Assimilator x2  
  97  6:30  Pylon  
  97  6:31  Probe (Chrono Boost)  
  98  6:33  Probe (Chrono Boost)  
  98  6:34  Forge  
  98  6:38  Observer  
  100  6:42  Stalker  
  100  6:43  Stalker x2, Sentry  
  100  6:45  Stalker  
  110  6:47  Robotics Bay  
  110  6:59  Pylon  
  110  7:01  Warp Prism (Chrono Boost)  
  110  7:02  Robotics Facility  
  110  7:03  Gateway  
  112  7:09  Probe  
  112  7:12  Photon Cannon  
  112  7:14  Protoss Ground Weapons Level 1  
  113  7:19  Pylon  
  113  7:21  Pylon  
  113  7:31  Stalker x4  
  113  7:32  Disruptor (Chrono Boost)  
  124  7:42  Stalker  
  124  7:43  Stalker x2  
  130  7:45  Shield Battery  
  130  7:50  Disruptor (Chrono Boost)  
  133  7:57  Nexus  
  127  8:00  Pylon  
  127  8:01  Probe x3  
  127  8:05  Disruptor (Chrono Boost)  
  133  8:10  Stalker x2, Sentry  
  139  8:17  Zealot x3  
  148  8:21  Disruptor (Chrono Boost), Zealot  
  150  8:27  Shield Battery  
  150  8:32  Pylon x2  
  150  8:34  Dark Shrine  
  150  8:51  Sentry x3  
  150  8:52  Stalker  
  155  8:58  Disruptor (Chrono Boost), Immortal (Chrono Boost)  
  156  9:15  Stalker x6  
  154  9:18  Zealot x2  
  143  9:31  Immortal (Chrono Boost)  
  133  9:40  Stalker x6  
  145  9:47  Stalker x2  
  125  10:07  Stalker x2, Zealot x4  
  125  10:11  Stalker x2  
  131  10:16  Immortal  
  125  10:27  Stalker x4  
  120  10:37  Immortal (Chrono Boost)  
  120  10:42  Stalker x4  
  109  10:52  Stalker  
  109  10:53  Stalker x2  
  105  11:01  Stalker  
  105  11:02  Disruptor (Chrono Boost)  
  105  11:13  Stalker x3  
  105  11:14  Stalker  
  113  11:19  Stalker x2  
  117  11:28  Stalker x2  

Tags
 
Add a new tag
Caveats
  • Supply blocks, unpowered buildings, or Contaminate may cause inaccurate times.
  • Supply counts are checked every 10 seconds.